[ AOE2 MATCH · #496901566 ]
UnrankedKoreans vs Khmer
[ REPLAY ANALYSIS · EXTRACTED FROM THE RECORDED GAME ]
Feudal
9:48
Castle
20:48
Imperial
32:57
| APM avg | 47.0 |
| APM peak | 86 |
| eAPM avg | 20.6 |
| Villagers / military | 121 / 64 |
Focus
⚔️ 20.8% · 🌾 79.2%
War Wagon ×29 · Archer ×25 · Fishing Ship ×16 · Scout Cavalry ×7 · Cavalry Archer ×3
Feudal
11:04
Castle
17:32
Imperial
28:08
| APM avg | 38.4 |
| APM peak | 81 |
| eAPM avg | 27.1 |
| Villagers / military | 136 / 98 |
Focus
⚔️ 29.5% · 🌾 70.5%
Knight ×51 · Scout Cavalry ×29 · Battering Ram ×16 · Fishing Ship ×5 · Monk ×1 · Scorpion ×1
Feudal
9:29
Castle
18:50
Imperial
34:49
| APM avg | 47.1 |
| APM peak | 86 |
| eAPM avg | 22.3 |
| Villagers / military | 123 / 127 |
Focus
⚔️ 41.2% · 🌾 58.8%
Knight ×120 · Fishing Ship ×26 · Scout Cavalry ×6 · Trebuchet (Packed) ×1
Feudal
9:23
Castle
20:44
Imperial
—
| APM avg | 60.0 |
| APM peak | 95 |
| eAPM avg | 18.6 |
| Villagers / military | 91 / 68 |
Focus
⚔️ 37.9% · 🌾 62.1%
Cavalry Archer ×37 · Archer ×27 · Unknown (2626) ×25 · Fishing Ship ×19 · Spearman ×4 · Trade Cart ×1
Feudal
9:47
Castle
22:38
Imperial
37:05
| APM avg | 48.4 |
| APM peak | 81 |
| eAPM avg | 19.9 |
| Villagers / military | 96 / 58 |
Focus
⚔️ 29.0% · 🌾 71.0%
Elephant Archer ×36 · Archer ×14 · Armored Elephant ×5 · Militia ×3
Feudal
9:42
Castle
22:30
Imperial
—
| APM avg | 67.6 |
| APM peak | 113 |
| eAPM avg | 31.7 |
| Villagers / military | 81 / 69 |
Focus
⚔️ 41.9% · 🌾 58.1%
Archer ×43 · Cavalry Archer ×22 · Fishing Ship ×8 · Militia ×4
Feudal
10:56
Castle
14:36
Imperial
30:30
| APM avg | 46.2 |
| APM peak | 94 |
| eAPM avg | 25.9 |
| Villagers / military | 163 / 116 |
Focus
⚔️ 42.6% · 🌾 57.4%
Longbowman ×116 · Fishing Ship ×10
Feudal
9:17
Castle
17:14
Imperial
35:31
| APM avg | 50.7 |
| APM peak | 77 |
| eAPM avg | 23.8 |
| Villagers / military | 127 / 59 |
Focus
⚔️ 34.6% · 🌾 65.4%
Knight ×32 · Unknown (2626) ×15 · Battle Elephant ×15 · Fishing Ship ×14 · Scout Cavalry ×5 · Fire Galley ×4
Match map
Initial resources + every placement click. Lines = walls · curves = elevation contours. ◆ gold · ⬟ stone · ● berries · ✦ relic · ◌ wall gap
Your base· Open — unwalled flank
mkild12592512ihad's base· Open — unwalled flank
Whoosher9355's base· Open — unwalled flank
ty's base· Open — 8t gap
76561199110440399's base· ✓ Closed at 22:38 · 33t walls · no gate
3046964519's base· Open — 5t gap
m1gzu's base· Open — 8t gap
Velky kanec's base· Open — unwalled flank
Smoothed initial terrain · ◌ = detected wall gap · hover for details
Inputs per minute
— 无语 - - mkild12592512ihad
Build order — 无语
First 150 of 317 actions detected
| 0:04 | Queue | Villager (Male) |
| 0:05 | Queue | Villager (Male) |
| 0:05 | Queue | Villager (Male) |
| 0:06 | Build | House |
| 0:08 | Build | House |
| 0:33 | Queue | Villager (Male) |
| 1:30 | Build | Lumber Camp |
| 1:40 | Queue | Villager (Male) |
| 1:50 | Queue | Villager (Male) |
| 2:31 | Queue | Villager (Male) |
| 2:52 | Queue | Villager (Male) |
| 2:52 | Queue | Villager (Male) |
| 3:11 | Build | House |
| 3:16 | Queue | Villager (Male) |
| 3:45 | Queue | Villager (Male) |
| 4:09 | Build | Dock |
| 4:12 | Queue | Villager (Male) |
| 4:23 | Build | House |
| 4:28 | Queue | Villager (Male) |
| 4:52 | Queue | Fishing Ship |
| 4:56 | Queue | Villager (Male) |
| 5:30 | Queue | Villager (Male) |
| 5:31 | Queue | Villager (Male) |
| 5:38 | Queue | Fishing Ship |
| 6:05 | Queue | Villager (Male) |
| 6:26 | Queue | Fishing Ship |
| 6:34 | Queue | Villager (Male) |
| 6:41 | Build | House |
| 7:01 | Queue | Villager (Male) |
| 7:06 | Research | Loom |
| 7:38 | Research | Feudal Age |
| 7:38 | Research | Feudal Age |
| 7:50 | Build | Lumber Camp |
| 8:00 | Queue | Fishing Ship |
| 8:10 | Build | House |
| 9:00 | Build | Barracks |
| 9:13 | Queue | Fishing Ship |
| 9:48 | Age | Feudal Age |
| 9:57 | Queue | Villager (Male) |
| 10:03 | Build | Stable |
| 10:08 | Queue | Villager (Male) |
| 10:12 | Research | Double-Bit Axe |
| 10:31 | Queue | Fishing Ship |
| 10:32 | Queue | Villager (Male) |
| 10:41 | Build | House |
| 10:59 | Queue | Villager (Male) |
| 11:04 | Build | Mill |
| 11:06 | Queue | Fishing Ship |
| 11:10 | Queue | Scout Cavalry |
| 11:10 | Queue | Scout Cavalry |
| 11:24 | Queue | Villager (Male) |
| 11:34 | Build | Blacksmith |
| 11:42 | Research | Horse Collar |
| 11:44 | Queue | Villager (Male) |
| 11:52 | Queue | Scout Cavalry |
| 12:03 | Build | Farm |
| 12:04 | Build | Farm |
| 12:10 | Queue | Fishing Ship |
| 12:17 | Queue | Villager (Male) |
| 12:21 | Build | House |
| 12:33 | Queue | Scout Cavalry |
| 12:50 | Queue | Scout Cavalry |
| 12:52 | Queue | Villager (Male) |
| 12:54 | Build | House |
| 13:10 | Queue | Scout Cavalry |
| 13:11 | Queue | Villager (Male) |
| 13:11 | Queue | Villager (Male) |
| 13:18 | Build | Farm |
| 13:20 | Build | Farm |
| 13:23 | Build | Farm |
| 13:42 | Queue | Scout Cavalry |
| 13:49 | Queue | Fishing Ship |
| 13:50 | Queue | Fishing Ship |
| 13:53 | Build | House |
| 14:17 | Queue | Villager (Male) |
| 14:18 | Queue | Villager (Male) |
| 14:30 | Build | House |
| 14:41 | Build | Farm |
| 14:41 | Build | Farm |
| 14:41 | Build | Farm |
| 14:42 | Build | Farm |
| 14:42 | Build | Farm |
| 14:42 | Build | Farm |
| 14:52 | Build | Farm |
| 14:54 | Queue | Villager (Male) |
| 15:02 | Build | Dock |
| 15:11 | Research | Tech 906 |
| 15:12 | Queue | Villager (Male) |
| 15:23 | Research | Scale Barding Armor |
| 15:30 | Build | Mining Camp |
| 15:35 | Build | House |
| 15:37 | Build | House |
| 16:00 | Queue | Villager (Male) |
| 16:11 | Research | Wheelbarrow |
| 16:12 | Research | Wheelbarrow |
| 16:26 | Queue | Fishing Ship |
| 16:26 | Queue | Fishing Ship |
| 16:29 | Queue | Villager (Male) |
| 16:51 | Build | Palisade Wall |
| 17:11 | Build | Palisade Wall |
| 17:30 | Build | Market |
| 17:32 | Build | House |
| 17:39 | Queue | Villager (Male) |
| 18:08 | Research | Castle Age |
| 18:08 | Research | Castle Age |
| 18:22 | Queue | Fishing Ship |
| 18:22 | Queue | Fishing Ship |
| 19:13 | Queue | Fishing Ship |
| 19:13 | Queue | Fishing Ship |
| 19:40 | Build | Palisade Wall |
| 19:44 | Build | Palisade Wall |
| 19:59 | Build | Archery Range |
| 20:04 | Build | Archery Range |
| 20:15 | Build | Archery Range |
| 20:20 | Queue | Villager (Male) |
| 20:48 | Age | Castle Age |
| 20:55 | Build | Town Center |
| 21:02 | Research | Fletching |
| 21:16 | Queue | Villager (Male) |
| 21:20 | Research | Husbandry |
| 21:20 | Research | Husbandry |
| 21:23 | Research | Light Cavalry (upgrade) |
| 21:39 | Build | Town Center |
| 21:55 | Queue | Cavalry Archer ×3 |
| 21:57 | Queue | Villager (Male) |
| 21:58 | Queue | Villager (Male) |
| 22:09 | Queue | Villager (Male) |
| 22:12 | Queue | Villager (Male) |
| 22:27 | Queue | Villager (Male) |
| 22:27 | Queue | Villager (Male) |
| 22:28 | Queue | Villager (Male) |
| 22:40 | Queue | Villager (Male) |
| 22:56 | Queue | Villager (Male) |
| 23:04 | Research | Bodkin Arrow |
| 23:08 | Research | Bow Saw |
| 23:09 | Research | Gold Mining |
| 23:11 | Queue | Villager (Male) |
| 23:12 | Queue | Villager (Male) |
| 23:17 | Queue | Villager (Male) |
| 23:18 | Queue | Villager (Male) |
| 23:21 | Queue | Villager (Male) |
| 23:22 | Research | Town Watch |
| 23:23 | Research | Town Watch |
| 23:40 | Queue | Villager (Male) |
| 23:41 | Queue | Villager (Male) |
| 23:44 | Queue | Villager (Male) |
| 23:57 | Queue | Villager (Male) |
| 24:12 | Build | Town Center |
| 24:15 | Queue | Villager (Male) |
| 24:19 | Queue | Villager (Male) |
Build order — mkild12592512ihad
First 150 of 432 actions detected
| 0:01 | Queue | Villager (Male) |
| 0:01 | Queue | Villager (Male) |
| 0:05 | Build | House |
| 0:06 | Build | House |
| 0:30 | Queue | Villager (Male) |
| 0:31 | Queue | Villager (Male) |
| 1:27 | Queue | Villager (Male) |
| 1:49 | Build | Lumber Camp |
| 1:53 | Queue | Villager (Male) |
| 2:21 | Queue | Villager (Male) |
| 2:53 | Queue | Villager (Male) |
| 2:53 | Queue | Villager (Male) |
| 3:17 | Build | House |
| 3:21 | Queue | Villager (Male) |
| 3:21 | Queue | Villager (Male) |
| 3:21 | Queue | Villager (Male) |
| 3:22 | Queue | Villager (Male) |
| 3:48 | Queue | Villager (Male) |
| 4:07 | Queue | Villager (Male) |
| 4:07 | Queue | Villager (Male) |
| 4:34 | Queue | Villager (Male) |
| 5:03 | Queue | Villager (Male) |
| 5:16 | Build | Dock |
| 5:21 | Build | House |
| 5:25 | Queue | Villager (Male) |
| 5:25 | Queue | Villager (Male) |
| 5:41 | Queue | Villager (Male) |
| 5:55 | Queue | Fishing Ship |
| 5:55 | Queue | Fishing Ship |
| 6:12 | Queue | Villager (Male) |
| 6:28 | Build | House |
| 6:30 | Queue | Fishing Ship |
| 6:35 | Queue | Villager (Male) |
| 7:03 | Queue | Villager (Male) |
| 7:05 | Build | Mill |
| 7:28 | Queue | Villager (Male) |
| 7:36 | Queue | Fishing Ship |
| 7:53 | Queue | Villager (Male) |
| 8:19 | Queue | Villager (Male) |
| 8:23 | Queue | Fishing Ship |
| 8:24 | Build | House |
| 8:54 | Research | Feudal Age |
| 9:00 | Build | House |
| 9:15 | Build | House |
| 9:18 | Build | House |
| 9:21 | Build | House |
| 10:26 | Queue | Villager (Male) |
| 11:04 | Age | Feudal Age |
| 11:07 | Research | Horse Collar |
| 11:09 | Research | Double-Bit Axe |
| 11:15 | Build | Mining Camp |
| 11:21 | Build | Lumber Camp |
| 11:23 | Queue | Villager (Male) |
| 11:38 | Build | Stable |
| 11:52 | Queue | Villager (Male) |
| 11:57 | Build | Farm |
| 11:59 | Build | Farm |
| 12:01 | Build | Farm |
| 12:07 | Build | Farm |
| 12:17 | Build | Farm |
| 12:18 | Queue | Villager (Male) |
| 12:33 | Research | Loom |
| 12:34 | Queue | Scout Cavalry |
| 12:34 | Queue | Scout Cavalry |
| 12:50 | Research | Tech 906 |
| 13:09 | Queue | Villager (Male) |
| 13:16 | Build | Farm |
| 13:23 | Queue | Villager (Male) |
| 13:39 | Queue | Villager (Male) |
| 13:48 | Build | Palisade Wall |
| 13:50 | Build | Palisade Wall |
| 14:02 | Build | Farm |
| 14:27 | Queue | Villager (Male) |
| 14:41 | Research | Castle Age |
| 14:41 | Research | Castle Age |
| 15:14 | Build | House |
| 15:23 | Build | House |
| 15:49 | Build | Gate |
| 16:01 | Build | Stone Wall |
| 16:04 | Build | Stone Wall |
| 16:05 | Build | Stone Wall |
| 16:08 | Build | Stone Wall |
| 16:09 | Build | Stone Wall |
| 16:09 | Build | Stone Wall |
| 16:13 | Build | Stone Wall |
| 16:14 | Build | Stone Wall |
| 16:16 | Build | Stone Wall |
| 16:17 | Build | Stone Wall |
| 16:22 | Build | Stone Wall |
| 16:25 | Build | Stone Wall |
| 16:27 | Build | Stone Wall |
| 16:34 | Build | House |
| 16:38 | Build | House |
| 16:40 | Build | House |
| 16:43 | Queue | Villager (Male) |
| 17:06 | Build | Mining Camp |
| 17:07 | Research | Gold Mining |
| 17:32 | Age | Castle Age |
| 17:34 | Build | Siege Workshop |
| 17:38 | Build | Town Center |
| 17:39 | Research | Bow Saw |
| 17:40 | Research | Heavy Plow |
| 17:40 | Research | Heavy Plow |
| 17:56 | Queue | Villager (Male) |
| 17:59 | Queue | Villager (Male) |
| 18:17 | Queue | Villager (Male) |
| 18:39 | Build | Monastery |
| 18:43 | Queue | Villager (Male) |
| 18:51 | Research | Gold Shaft Mining |
| 18:52 | Queue | Villager (Male) |
| 18:53 | Queue | Villager (Male) |
| 19:24 | Queue | Scorpion |
| 19:30 | Queue | Villager (Male) |
| 19:46 | Build | Lumber Camp |
| 19:49 | Queue | Villager (Male) |
| 19:49 | Queue | Villager (Male) |
| 19:49 | Queue | Villager (Male) |
| 19:50 | Queue | Villager (Male) |
| 20:04 | Build | Palisade Wall |
| 20:08 | Build | Palisade Wall |
| 20:11 | Build | Palisade Wall |
| 20:14 | Build | Palisade Wall |
| 20:17 | Build | House |
| 20:20 | Build | Palisade Wall |
| 20:22 | Build | Palisade Wall |
| 20:25 | Build | Palisade Wall |
| 20:27 | Build | Palisade Wall |
| 20:30 | Build | Stone Wall |
| 20:31 | Build | Stone Wall |
| 20:36 | Queue | Villager (Male) |
| 20:46 | Queue | Monk |
| 20:57 | Queue | Villager (Male) |
| 20:57 | Queue | Villager (Male) |
| 20:58 | Queue | Villager (Male) |
| 20:58 | Queue | Villager (Male) |
| 20:59 | Research | Wheelbarrow |
| 21:00 | Research | Town Watch |
| 21:43 | Build | Market |
| 22:06 | Build | House |
| 22:10 | Queue | Villager (Male) |
| 22:24 | Build | Town Center |
| 22:27 | Queue | Villager (Male) |
| 22:31 | Build | Farm |
| 22:34 | Build | Farm |
| 22:35 | Build | Farm |
| 22:37 | Build | Farm |
| 22:38 | Build | Farm |
| 22:41 | Build | Farm |
| 22:41 | Build | Farm |
| 22:42 | Build | Farm |
Build order — Whoosher9355
First 150 of 413 actions detected
| 0:02 | Queue | Villager (Male) ×4 |
| 0:04 | Build | House |
| 0:05 | Build | House |
| 1:32 | Queue | Villager (Male) |
| 1:55 | Build | Lumber Camp |
| 2:08 | Queue | Villager (Male) |
| 2:08 | Queue | Villager (Male) |
| 2:31 | Queue | Villager (Male) |
| 3:01 | Queue | Villager (Male) |
| 3:01 | Queue | Villager (Male) |
| 3:33 | Queue | Villager (Male) |
| 3:34 | Queue | Villager (Male) |
| 3:47 | Queue | Villager (Male) |
| 4:04 | Build | House |
| 4:23 | Queue | Villager (Male) |
| 4:47 | Queue | Villager (Male) |
| 5:11 | Build | House |
| 5:21 | Queue | Villager (Male) |
| 5:22 | Queue | Villager (Male) |
| 5:44 | Queue | Villager (Male) |
| 6:07 | Build | Dock |
| 6:09 | Build | House |
| 6:20 | Queue | Villager (Male) |
| 6:21 | Research | Loom |
| 6:50 | Queue | Fishing Ship |
| 6:54 | Queue | Fishing Ship |
| 7:18 | Research | Feudal Age |
| 7:57 | Build | Barracks |
| 8:17 | Queue | Fishing Ship |
| 8:40 | Build | House |
| 8:55 | Queue | Fishing Ship |
| 9:01 | Build | Palisade Wall |
| 9:02 | Build | Palisade Wall |
| 9:29 | Age | Feudal Age |
| 9:31 | Queue | Villager (Male) |
| 9:36 | Build | Stable |
| 9:38 | Build | House |
| 9:39 | Research | Double-Bit Axe |
| 9:59 | Queue | Villager (Male) |
| 10:07 | Build | Mill |
| 10:17 | Queue | Villager (Male) |
| 10:22 | Queue | Scout Cavalry |
| 10:22 | Queue | Scout Cavalry |
| 10:28 | Queue | Villager (Male) |
| 11:12 | Queue | Villager (Male) |
| 11:13 | Queue | Scout Cavalry |
| 11:20 | Build | House |
| 11:25 | Queue | Fishing Ship |
| 11:33 | Queue | Villager (Male) |
| 11:37 | Research | Horse Collar |
| 11:39 | Build | Farm |
| 11:40 | Build | House |
| 11:44 | Queue | Scout Cavalry |
| 11:53 | Queue | Villager (Male) |
| 11:55 | Build | Farm |
| 12:02 | Build | Farm |
| 12:05 | Build | House |
| 12:08 | Queue | Fishing Ship |
| 12:10 | Queue | Scout Cavalry |
| 12:12 | Queue | Villager (Male) |
| 12:53 | Queue | Scout Cavalry |
| 12:54 | Queue | Villager (Male) |
| 12:56 | Build | Farm |
| 12:58 | Build | House |
| 13:00 | Build | Farm |
| 13:09 | Build | House |
| 13:12 | Build | Blacksmith |
| 13:15 | Build | Palisade Wall |
| 13:21 | Queue | Villager (Male) |
| 13:24 | Queue | Fishing Ship |
| 13:29 | Build | House |
| 13:31 | Build | House |
| 13:35 | Queue | Villager (Male) |
| 14:17 | Queue | Villager (Male) |
| 14:20 | Build | Farm |
| 14:23 | Build | Farm |
| 14:48 | Queue | Villager (Male) |
| 14:50 | Build | Mining Camp |
| 15:08 | Queue | Villager (Male) |
| 15:41 | Queue | Villager (Male) |
| 15:44 | Build | Market |
| 15:54 | Queue | Fishing Ship |
| 15:56 | Build | Dock |
| 16:00 | Research | Scale Barding Armor |
| 16:04 | Build | House |
| 16:05 | Build | House |
| 16:06 | Build | House |
| 16:10 | Research | Castle Age |
| 16:10 | Research | Castle Age |
| 17:02 | Build | Stable |
| 17:03 | Queue | Fishing Ship |
| 17:09 | Queue | Fishing Ship |
| 17:22 | Research | Bloodlines |
| 17:23 | Research | Bloodlines |
| 17:24 | Research | Forging |
| 17:25 | Research | Gold Mining |
| 17:25 | Research | Gold Mining |
| 17:39 | Build | Farm |
| 18:20 | Build | Stable |
| 18:50 | Build | House |
| 18:50 | Age | Castle Age |
| 18:54 | Research | Gold Shaft Mining |
| 18:55 | Research | Husbandry |
| 18:56 | Research | Chain Barding Armor |
| 18:58 | Queue | Villager (Male) |
| 19:00 | Queue | Knight |
| 19:00 | Queue | Knight |
| 19:04 | Queue | Knight |
| 19:04 | Queue | Knight |
| 19:14 | Queue | Knight |
| 19:23 | Queue | Villager (Male) |
| 19:34 | Queue | Knight |
| 19:34 | Queue | Knight |
| 19:38 | Research | Tech 906 |
| 19:38 | Research | Tech 906 |
| 19:39 | Queue | Fishing Ship |
| 19:53 | Queue | Villager (Male) |
| 19:59 | Queue | Knight |
| 20:24 | Research | Bow Saw |
| 20:26 | Queue | Knight |
| 20:26 | Queue | Knight |
| 20:31 | Queue | Villager (Male) |
| 20:33 | Queue | Knight |
| 21:01 | Queue | Villager (Male) |
| 21:02 | Queue | Knight |
| 21:07 | Queue | Fishing Ship |
| 21:08 | Queue | Fishing Ship |
| 21:09 | Queue | Knight |
| 21:20 | Queue | Villager (Male) |
| 21:27 | Queue | Knight |
| 21:28 | Queue | Knight |
| 21:35 | Queue | Knight |
| 21:35 | Queue | Knight |
| 21:38 | Queue | Villager (Male) |
| 21:54 | Build | Town Center |
| 21:55 | Queue | Knight |
| 22:02 | Queue | Villager (Male) |
| 22:08 | Queue | Knight |
| 22:10 | Queue | Villager (Male) |
| 22:22 | Queue | Knight |
| 22:23 | Queue | Knight |
| 22:26 | Queue | Villager (Male) |
| 22:33 | Queue | Knight |
| 23:09 | Queue | Villager (Male) |
| 23:10 | Queue | Knight |
| 23:10 | Queue | Knight |
| 23:11 | Build | Farm |
| 23:15 | Build | Town Center |
| 23:20 | Queue | Knight |
| 23:21 | Queue | Knight |
Build order — ty
First 150 of 304 actions detected
| 0:04 | Build | House |
| 0:04 | Queue | Villager (Male) |
| 0:05 | Queue | Villager (Male) |
| 0:05 | Queue | Villager (Male) |
| 0:06 | Build | House |
| 0:27 | Queue | Villager (Male) |
| 0:28 | Queue | Villager (Male) |
| 1:24 | Build | Lumber Camp |
| 1:28 | Queue | Villager (Male) |
| 2:11 | Queue | Villager (Male) |
| 2:11 | Queue | Villager (Male) |
| 2:29 | Queue | Villager (Male) |
| 2:30 | Queue | Villager (Male) |
| 2:51 | Queue | Villager (Male) |
| 3:29 | Queue | Villager (Male) |
| 3:39 | Queue | Villager (Male) |
| 3:39 | Queue | Villager (Male) |
| 3:57 | Build | House |
| 4:22 | Queue | Villager (Male) |
| 4:22 | Queue | Villager (Male) |
| 4:29 | Build | Dock |
| 4:42 | Queue | Villager (Male) |
| 4:42 | Queue | Villager (Male) |
| 5:13 | Queue | Villager (Male) |
| 5:13 | Queue | Villager (Male) |
| 5:24 | Queue | Fishing Ship |
| 5:24 | Queue | Fishing Ship |
| 5:42 | Build | House |
| 6:08 | Queue | Villager (Male) |
| 6:25 | Queue | Fishing Ship |
| 6:31 | Research | Loom |
| 7:13 | Research | Feudal Age |
| 7:13 | Research | Feudal Age |
| 7:39 | Build | Mining Camp |
| 8:21 | Build | House |
| 8:27 | Build | Barracks |
| 9:03 | Build | House |
| 9:20 | Queue | Villager (Male) |
| 9:23 | Age | Feudal Age |
| 9:29 | Build | Archery Range |
| 9:33 | Research | Double-Bit Axe |
| 9:41 | Build | Palisade Wall |
| 9:45 | Queue | Villager (Male) |
| 9:58 | Queue | Villager (Male) |
| 10:20 | Queue | Villager (Male) |
| 10:24 | Build | Archery Range |
| 10:25 | Queue | Archer |
| 10:37 | Build | House |
| 10:47 | Queue | Villager (Male) |
| 10:48 | Queue | Spearman |
| 11:01 | Queue | Villager (Male) |
| 11:10 | Queue | Archer |
| 11:11 | Queue | Archer |
| 11:23 | Queue | Spearman |
| 11:26 | Build | House |
| 11:29 | Queue | Archer |
| 11:33 | Queue | Villager (Male) |
| 11:41 | Build | House |
| 11:44 | Build | Palisade Wall |
| 11:55 | Build | Palisade Wall |
| 11:58 | Queue | Villager (Male) |
| 11:58 | Queue | Villager (Male) |
| 12:01 | Build | House |
| 12:03 | Build | Palisade Wall |
| 12:06 | Queue | Fishing Ship |
| 12:11 | Queue | Villager (Male) |
| 12:13 | Queue | Archer |
| 12:13 | Queue | Archer |
| 12:23 | Queue | Villager (Male) |
| 12:42 | Queue | Villager (Male) |
| 12:55 | Build | Blacksmith |
| 12:57 | Queue | Archer |
| 12:58 | Queue | Archer |
| 13:10 | Queue | Villager (Male) |
| 13:13 | Build | Stone Wall |
| 13:14 | Build | Stone Wall |
| 13:15 | Queue | Villager (Male) |
| 13:35 | Queue | Villager (Male) |
| 13:38 | Queue | Archer |
| 13:38 | Queue | Archer |
| 13:42 | Research | Fletching |
| 13:47 | Queue | Spearman |
| 13:52 | Build | Mining Camp |
| 14:13 | Queue | Villager (Male) |
| 14:17 | Queue | Fishing Ship |
| 14:39 | Queue | Archer |
| 14:39 | Queue | Archer |
| 15:02 | Build | Palisade Wall |
| 15:12 | Queue | Villager (Male) |
| 15:15 | Queue | Archer |
| 15:16 | Queue | Archer |
| 15:18 | Build | House |
| 15:20 | Build | House |
| 15:23 | Queue | Fishing Ship |
| 15:35 | Build | House |
| 15:36 | Build | House |
| 15:46 | Queue | Villager (Male) |
| 15:51 | Queue | Villager (Male) |
| 16:00 | Build | Mill |
| 16:03 | Build | House |
| 16:28 | Queue | Villager (Male) |
| 16:30 | Queue | Archer |
| 16:31 | Queue | Archer |
| 16:33 | Queue | Archer |
| 16:51 | Build | Lumber Camp |
| 17:09 | Build | Market |
| 17:09 | Queue | Villager (Male) |
| 17:12 | Build | House |
| 17:17 | Queue | Villager (Male) |
| 17:40 | Queue | Fishing Ship |
| 18:04 | Research | Castle Age |
| 18:15 | Build | Lumber Camp |
| 18:24 | Queue | Archer |
| 18:24 | Queue | Archer |
| 18:36 | Queue | Spearman |
| 18:47 | Build | House |
| 18:48 | Build | House |
| 19:20 | Queue | Fishing Ship |
| 19:20 | Queue | Fishing Ship |
| 19:52 | Queue | Archer |
| 19:53 | Queue | Trade Cart |
| 19:54 | Queue | Archer |
| 20:09 | Build | House |
| 20:28 | Queue | Archer |
| 20:28 | Queue | Archer |
| 20:28 | Queue | Archer |
| 20:29 | Queue | Archer |
| 20:44 | Age | Castle Age |
| 20:52 | Research | Crossbowman (upgrade) |
| 21:11 | Research | Bodkin Arrow |
| 21:32 | Queue | Villager (Male) |
| 21:37 | Queue | Villager (Male) |
| 21:39 | Queue | Archer |
| 21:39 | Queue | Archer |
| 21:41 | Build | Archery Range |
| 21:46 | Research | Horse Collar |
| 22:06 | Build | Town Center |
| 22:12 | Queue | Villager (Male) |
| 22:12 | Queue | Villager (Male) |
| 22:12 | Queue | Villager (Male) |
| 22:14 | Queue | Fishing Ship |
| 22:14 | Queue | Fishing Ship |
| 22:16 | Build | Fish Trap |
| 22:18 | Build | Fish Trap |
| 22:20 | Build | Fish Trap |
| 22:21 | Build | Fish Trap |
| 22:22 | Build | Fish Trap |
| 22:27 | Research | Tech 906 |
| 22:36 | Build | House |
| 22:42 | Build | Lumber Camp |
Build order — 76561199110440399
First 150 of 276 actions detected
| 0:03 | Queue | Villager (Male) |
| 0:03 | Queue | Villager (Male) |
| 0:04 | Build | House |
| 0:05 | Build | House |
| 0:15 | Queue | Villager (Male) |
| 0:56 | Queue | Villager (Male) |
| 1:37 | Queue | Villager (Male) |
| 1:56 | Build | Lumber Camp |
| 2:04 | Queue | Villager (Male) |
| 2:04 | Queue | Villager (Male) |
| 2:24 | Queue | Villager (Male) |
| 2:25 | Queue | Villager (Male) |
| 2:54 | Queue | Villager (Male) |
| 2:54 | Queue | Villager (Male) |
| 3:06 | Queue | Villager (Male) |
| 3:06 | Queue | Villager (Male) |
| 3:11 | Build | House |
| 3:38 | Queue | Villager (Male) |
| 3:53 | Queue | Villager (Male) |
| 3:53 | Queue | Villager (Male) |
| 4:08 | Queue | Villager (Male) |
| 4:09 | Queue | Villager (Male) |
| 4:17 | Build | Mining Camp |
| 4:48 | Queue | Villager (Male) |
| 5:32 | Queue | Villager (Male) |
| 5:32 | Queue | Villager (Male) |
| 5:33 | Queue | Villager (Male) |
| 5:38 | Build | House |
| 6:16 | Queue | Villager (Male) |
| 6:16 | Queue | Villager (Male) |
| 6:35 | Queue | Villager (Male) |
| 6:36 | Queue | Villager (Male) |
| 6:36 | Queue | Villager (Male) |
| 7:05 | Build | Barracks |
| 7:34 | Research | Feudal Age |
| 7:35 | Research | Loom |
| 7:35 | Research | Loom |
| 8:07 | Queue | Militia |
| 8:07 | Queue | Militia |
| 8:34 | Queue | Militia |
| 8:35 | Build | Mill |
| 9:45 | Build | Farm |
| 9:46 | Build | Farm |
| 9:47 | Age | Feudal Age |
| 9:50 | Research | Man-at-Arms (upgrade) |
| 10:02 | Build | Archery Range |
| 10:12 | Queue | Villager (Male) |
| 10:19 | Build | Farm |
| 10:21 | Queue | Villager (Male) |
| 11:15 | Queue | Villager (Male) |
| 11:19 | Build | Farm |
| 11:20 | Queue | Archer |
| 11:20 | Queue | Archer |
| 11:26 | Build | Blacksmith |
| 11:39 | Build | House |
| 11:43 | Build | Palisade Wall |
| 11:47 | Queue | Villager (Male) |
| 11:47 | Queue | Villager (Male) |
| 11:51 | Build | Farm |
| 11:52 | Build | Farm |
| 11:54 | Build | Palisade Wall |
| 11:55 | Build | Palisade Wall |
| 12:02 | Build | Palisade Wall |
| 12:07 | Queue | Archer |
| 12:07 | Queue | Archer |
| 12:21 | Research | Fletching |
| 12:21 | Research | Fletching |
| 12:55 | Queue | Villager (Male) |
| 12:55 | Queue | Villager (Male) |
| 13:11 | Build | Farm |
| 13:13 | Build | Farm |
| 13:17 | Build | House |
| 13:19 | Build | Palisade Wall |
| 13:22 | Queue | Villager (Male) |
| 13:22 | Queue | Villager (Male) |
| 13:52 | Queue | Archer |
| 14:17 | Queue | Villager (Male) |
| 14:18 | Queue | Villager (Male) |
| 14:19 | Build | Farm |
| 14:32 | Queue | Archer |
| 14:32 | Queue | Archer |
| 15:01 | Queue | Villager (Male) |
| 15:04 | Build | Farm |
| 15:06 | Queue | Archer |
| 15:40 | Research | Padded Archer Armor |
| 15:42 | Research | Double-Bit Axe |
| 15:42 | Research | Double-Bit Axe |
| 15:43 | Research | Horse Collar |
| 15:50 | Queue | Villager (Male) |
| 15:53 | Build | Farm |
| 16:07 | Build | Farm |
| 16:29 | Queue | Villager (Male) |
| 16:44 | Queue | Archer |
| 16:56 | Queue | Archer |
| 16:59 | Research | Wheelbarrow |
| 16:59 | Research | Wheelbarrow |
| 17:00 | Queue | Archer |
| 17:12 | Build | Farm |
| 17:18 | Build | House |
| 17:29 | Queue | Archer |
| 18:03 | Build | Farm |
| 18:13 | Queue | Villager (Male) |
| 18:23 | Build | Archery Range |
| 18:35 | Queue | Villager (Male) |
| 18:37 | Build | Farm |
| 19:06 | Build | House |
| 19:07 | Build | House |
| 19:24 | Build | House |
| 19:30 | Queue | Villager (Male) |
| 19:33 | Queue | Archer |
| 19:33 | Queue | Archer |
| 19:46 | Build | House |
| 19:58 | Research | Castle Age |
| 20:10 | Build | House |
| 20:11 | Build | House |
| 20:13 | Build | Palisade Wall |
| 20:54 | Research | Gold Mining |
| 20:54 | Research | Gold Mining |
| 21:08 | Build | House |
| 21:22 | Build | Stone Wall |
| 22:29 | Queue | Villager (Male) |
| 22:38 | Age | Castle Age |
| 22:42 | Queue | Elephant Archer |
| 22:42 | Queue | Elephant Archer |
| 22:42 | Queue | Elephant Archer |
| 22:44 | Research | Bodkin Arrow |
| 22:44 | Research | Bodkin Arrow |
| 22:47 | Queue | Villager (Male) |
| 23:02 | Build | Town Center |
| 23:05 | Queue | Villager (Male) |
| 23:05 | Queue | Villager (Male) |
| 23:30 | Build | Farm |
| 23:37 | Build | Farm |
| 23:39 | Build | Farm |
| 23:40 | Build | Farm |
| 23:41 | Build | Farm |
| 24:08 | Queue | Elephant Archer |
| 24:08 | Queue | Elephant Archer |
| 24:11 | Research | Leather Archer Armor |
| 24:26 | Queue | Elephant Archer |
| 24:32 | Build | Farm |
| 24:34 | Build | Farm |
| 24:34 | Build | Farm |
| 24:35 | Build | Farm |
| 24:41 | Build | Farm |
| 24:42 | Build | Farm |
| 24:48 | Queue | Villager (Male) |
| 24:51 | Queue | Elephant Archer |
| 25:05 | Build | Farm |
| 25:06 | Queue | Villager (Male) |
Build order — 3046964519
First 150 of 255 actions detected
| 0:02 | Queue | Villager (Male) |
| 0:02 | Queue | Villager (Male) |
| 0:03 | Build | House |
| 0:04 | Build | House |
| 0:21 | Queue | Villager (Male) |
| 0:21 | Queue | Villager (Male) |
| 0:21 | Queue | Villager (Male) |
| 1:24 | Queue | Villager (Male) |
| 1:24 | Queue | Villager (Male) |
| 1:50 | Build | Lumber Camp |
| 2:01 | Queue | Villager (Male) |
| 2:25 | Queue | Villager (Male) |
| 2:25 | Queue | Villager (Male) |
| 2:51 | Queue | Villager (Male) |
| 3:38 | Queue | Villager (Male) |
| 3:38 | Queue | Villager (Male) |
| 4:04 | Queue | Villager (Male) |
| 4:05 | Build | House |
| 4:40 | Queue | Villager (Male) |
| 4:43 | Build | Dock |
| 5:08 | Queue | Villager (Male) |
| 5:20 | Build | Palisade Wall |
| 5:21 | Build | Palisade Wall |
| 5:24 | Queue | Fishing Ship |
| 5:27 | Queue | Villager (Male) |
| 5:33 | Build | House |
| 5:41 | Queue | Villager (Male) |
| 6:08 | Queue | Villager (Male) |
| 6:11 | Queue | Fishing Ship |
| 6:13 | Queue | Villager (Male) |
| 6:49 | Research | Loom |
| 6:53 | Queue | Fishing Ship |
| 7:12 | Research | Feudal Age |
| 7:12 | Research | Feudal Age |
| 7:12 | Research | Feudal Age |
| 7:14 | Build | Barracks |
| 7:53 | Build | Mining Camp |
| 8:11 | Build | House |
| 8:13 | Queue | Militia |
| 8:14 | Queue | Militia |
| 8:16 | Queue | Villager (Male) |
| 8:42 | Build | House |
| 8:47 | Build | Palisade Wall |
| 8:47 | Build | Palisade Wall |
| 8:52 | Queue | Militia |
| 8:55 | Build | Palisade Wall |
| 9:10 | Queue | Fishing Ship |
| 9:27 | Queue | Militia |
| 9:42 | Age | Feudal Age |
| 9:51 | Research | Man-at-Arms (upgrade) |
| 9:57 | Research | Double-Bit Axe |
| 9:57 | Research | Double-Bit Axe |
| 9:59 | Queue | Villager (Male) |
| 10:01 | Queue | Fishing Ship |
| 10:16 | Build | House |
| 10:38 | Queue | Villager (Male) |
| 10:38 | Queue | Villager (Male) |
| 10:57 | Queue | Villager (Male) |
| 11:11 | Queue | Villager (Male) |
| 11:21 | Build | Archery Range |
| 11:26 | Queue | Villager (Male) |
| 12:04 | Queue | Villager (Male) |
| 12:04 | Queue | Villager (Male) |
| 12:40 | Queue | Villager (Male) |
| 12:41 | Queue | Archer |
| 12:42 | Build | Archery Range |
| 13:01 | Queue | Archer |
| 13:03 | Build | Blacksmith |
| 13:07 | Queue | Villager (Male) |
| 13:10 | Queue | Fishing Ship |
| 13:16 | Build | House |
| 13:19 | Queue | Archer |
| 13:21 | Queue | Villager (Male) |
| 13:26 | Build | Watch Tower |
| 13:37 | Queue | Archer |
| 13:37 | Queue | Archer |
| 13:41 | Research | Fletching |
| 13:41 | Research | Fletching |
| 13:45 | Build | House |
| 13:47 | Build | Palisade Wall |
| 13:54 | Queue | Archer |
| 13:56 | Queue | Archer |
| 13:59 | Build | House |
| 14:20 | Queue | Villager (Male) |
| 14:26 | Queue | Archer |
| 14:26 | Queue | Archer |
| 14:40 | Build | Mill |
| 14:54 | Queue | Archer |
| 14:54 | Queue | Archer |
| 15:32 | Queue | Villager (Male) |
| 15:34 | Queue | Archer |
| 15:34 | Queue | Archer |
| 15:34 | Queue | Archer |
| 15:40 | Queue | Villager (Male) |
| 15:54 | Build | Lumber Camp |
| 16:02 | Queue | Archer |
| 16:02 | Queue | Archer |
| 16:07 | Build | Farm |
| 16:08 | Build | Farm |
| 16:13 | Queue | Archer |
| 16:13 | Queue | Archer |
| 16:43 | Queue | Villager (Male) |
| 16:43 | Queue | Villager (Male) |
| 16:49 | Queue | Archer |
| 16:49 | Queue | Archer |
| 17:05 | Queue | Archer |
| 17:05 | Queue | Villager (Male) |
| 17:06 | Queue | Villager (Male) |
| 17:13 | Build | Farm |
| 17:16 | Build | Farm |
| 17:20 | Queue | Villager (Male) |
| 17:32 | Queue | Archer |
| 17:32 | Queue | Archer |
| 17:38 | Build | House |
| 18:02 | Queue | Archer |
| 18:05 | Queue | Villager (Male) |
| 18:15 | Queue | Villager (Male) |
| 18:18 | Queue | Archer |
| 18:18 | Queue | Archer |
| 18:29 | Build | Market |
| 18:42 | Build | House |
| 18:50 | Queue | Archer |
| 18:51 | Queue | Archer |
| 18:57 | Queue | Villager (Male) |
| 19:15 | Queue | Archer |
| 19:15 | Queue | Archer |
| 19:38 | Queue | Fishing Ship |
| 19:39 | Queue | Fishing Ship |
| 19:50 | Research | Castle Age |
| 19:50 | Research | Castle Age |
| 19:57 | Queue | Archer |
| 19:57 | Queue | Archer |
| 20:00 | Build | Archery Range |
| 20:16 | Build | Lumber Camp |
| 20:24 | Build | House |
| 20:25 | Build | House |
| 20:31 | Queue | Archer |
| 20:43 | Research | Gold Mining |
| 20:43 | Research | Gold Mining |
| 20:45 | Research | Padded Archer Armor |
| 20:46 | Research | Padded Archer Armor |
| 20:48 | Queue | Archer |
| 20:48 | Queue | Archer |
| 20:54 | Queue | Villager (Male) |
| 20:55 | Queue | Villager (Male) |
| 21:01 | Queue | Archer |
| 21:01 | Queue | Archer |
| 21:01 | Queue | Archer |
| 21:10 | Build | House |
| 21:31 | Queue | Archer |
Build order — m1gzu
First 150 of 376 actions detected
| 0:01 | Queue | Villager (Male) |
| 0:02 | Queue | Villager (Male) |
| 0:03 | Build | House |
| 0:04 | Build | House |
| 0:15 | Queue | Villager (Male) ×2 |
| 1:18 | Queue | Villager (Male) |
| 1:24 | Build | Lumber Camp |
| 1:49 | Queue | Villager (Male) |
| 1:49 | Queue | Villager (Male) |
| 2:10 | Queue | Villager (Male) |
| 2:10 | Queue | Villager (Male) |
| 2:45 | Queue | Villager (Male) |
| 3:08 | Queue | Villager (Male) |
| 3:08 | Queue | Villager (Male) |
| 3:17 | Queue | Villager (Male) |
| 3:38 | Queue | Villager (Male) |
| 3:39 | Queue | Villager (Male) |
| 3:50 | Build | House |
| 4:12 | Build | Dock |
| 4:21 | Queue | Villager (Male) |
| 4:21 | Queue | Villager (Male) |
| 4:21 | Queue | Villager (Male) |
| 4:51 | Build | House |
| 4:57 | Queue | Villager (Male) |
| 4:57 | Queue | Villager (Male) |
| 4:57 | Queue | Villager (Male) |
| 5:33 | Queue | Fishing Ship |
| 6:07 | Queue | Fishing Ship |
| 6:12 | Queue | Villager (Male) |
| 6:32 | Build | House |
| 6:33 | Build | Palisade Wall |
| 6:34 | Build | Palisade Wall |
| 6:41 | Queue | Villager (Male) |
| 6:59 | Build | Mining Camp |
| 7:00 | Queue | Villager (Male) |
| 7:12 | Queue | Villager (Male) |
| 7:26 | Queue | Fishing Ship |
| 7:29 | Queue | Villager (Male) |
| 7:59 | Research | Loom |
| 7:59 | Research | Feudal Age |
| 8:16 | Build | Mill |
| 9:39 | Queue | Villager (Male) |
| 9:39 | Queue | Villager (Male) |
| 9:47 | Build | House |
| 10:11 | Build | House |
| 10:28 | Queue | Fishing Ship |
| 10:56 | Age | Feudal Age |
| 11:00 | Build | Market |
| 11:05 | Build | Blacksmith |
| 11:09 | Build | Palisade Wall |
| 11:15 | Build | Palisade Wall |
| 11:21 | Build | Mining Camp |
| 11:30 | Build | Mining Camp |
| 11:56 | Research | Castle Age |
| 12:04 | Build | House |
| 12:06 | Build | Palisade Wall |
| 12:17 | Research | Fletching |
| 12:39 | Build | Palisade Wall |
| 12:56 | Queue | Villager (Male) |
| 13:08 | Queue | Fishing Ship |
| 13:28 | Build | Palisade Wall |
| 13:41 | Research | Double-Bit Axe |
| 13:54 | Queue | Fishing Ship |
| 14:36 | Age | Castle Age |
| 14:42 | Build | Castle |
| 15:02 | Queue | Villager (Male) |
| 15:13 | Build | Town Center |
| 15:22 | Research | Bow Saw |
| 15:26 | Queue | Villager (Male) |
| 15:34 | Research | Horse Collar |
| 15:35 | Queue | Villager (Male) |
| 15:39 | Build | House |
| 15:44 | Build | Palisade Wall |
| 15:46 | Build | House |
| 15:48 | Build | House |
| 15:49 | Queue | Fishing Ship |
| 15:53 | Queue | Fishing Ship |
| 15:53 | Queue | Fishing Ship |
| 15:56 | Build | House |
| 15:59 | Queue | Fishing Ship |
| 16:09 | Queue | Villager (Male) |
| 16:16 | Build | Farm |
| 16:17 | Build | Farm |
| 16:30 | Queue | Villager (Male) |
| 16:41 | Queue | Longbowman |
| 16:41 | Queue | Longbowman |
| 16:42 | Queue | Longbowman |
| 16:42 | Queue | Longbowman |
| 16:42 | Queue | Longbowman |
| 16:45 | Queue | Villager (Male) |
| 16:48 | Build | Farm |
| 16:51 | Build | Farm |
| 16:53 | Build | Farm |
| 16:56 | Queue | Longbowman |
| 16:58 | Queue | Villager (Male) |
| 16:58 | Queue | Villager (Male) |
| 17:08 | Build | Palisade Wall |
| 17:12 | Queue | Longbowman |
| 17:12 | Queue | Longbowman |
| 17:22 | Build | Farm |
| 17:23 | Build | Farm |
| 17:25 | Queue | Villager (Male) |
| 17:32 | Build | Farm |
| 17:33 | Build | Farm |
| 17:35 | Queue | Villager (Male) |
| 17:36 | Queue | Villager (Male) |
| 17:36 | Queue | Villager (Male) |
| 17:46 | Queue | Longbowman |
| 17:52 | Queue | Villager (Male) |
| 17:52 | Queue | Villager (Male) |
| 18:08 | Queue | Longbowman |
| 18:14 | Build | Farm |
| 18:14 | Queue | Villager (Male) |
| 18:15 | Queue | Villager (Male) |
| 18:31 | Queue | Villager (Male) |
| 18:34 | Queue | Villager (Male) |
| 18:39 | Build | Farm |
| 18:48 | Build | Farm |
| 18:49 | Build | Farm |
| 19:01 | Queue | Longbowman |
| 19:01 | Queue | Longbowman |
| 19:03 | Queue | Villager (Male) |
| 19:03 | Queue | Villager (Male) |
| 19:18 | Build | Farm |
| 19:21 | Queue | Longbowman |
| 19:21 | Queue | Longbowman |
| 19:23 | Queue | Villager (Male) |
| 19:24 | Queue | Villager (Male) |
| 19:32 | Queue | Longbowman |
| 19:49 | Research | Bodkin Arrow |
| 19:50 | Queue | Villager (Male) |
| 20:02 | Queue | Villager (Male) |
| 20:02 | Queue | Villager (Male) |
| 20:07 | Queue | Longbowman |
| 20:07 | Queue | Longbowman |
| 20:08 | Queue | Longbowman |
| 20:08 | Queue | Longbowman |
| 20:08 | Queue | Longbowman |
| 20:15 | Queue | Villager (Male) |
| 20:15 | Queue | Villager (Male) |
| 20:21 | Queue | Villager (Male) |
| 20:22 | Queue | Villager (Male) |
| 20:28 | Queue | Longbowman |
| 20:29 | Queue | Longbowman |
| 20:30 | Queue | Villager (Male) |
| 20:38 | Queue | Villager (Male) |
| 20:38 | Queue | Villager (Male) |
| 20:51 | Queue | Longbowman |
| 20:51 | Queue | Longbowman |
| 20:54 | Queue | Villager (Male) |
Build order — Velky kanec
First 150 of 395 actions detected
| 0:01 | Queue | Villager (Male) |
| 0:02 | Queue | Villager (Male) |
| 0:03 | Build | House |
| 0:05 | Build | House |
| 0:18 | Queue | Villager (Male) |
| 0:19 | Queue | Villager (Male) |
| 1:25 | Queue | Villager (Male) |
| 1:26 | Queue | Villager (Male) |
| 1:45 | Build | Lumber Camp |
| 2:00 | Queue | Villager (Male) |
| 2:21 | Queue | Villager (Male) |
| 2:21 | Queue | Villager (Male) |
| 2:56 | Queue | Villager (Male) |
| 2:56 | Queue | Villager (Male) |
| 2:57 | Queue | Villager (Male) |
| 3:27 | Build | House |
| 3:28 | Build | Palisade Wall |
| 3:33 | Queue | Villager (Male) |
| 3:34 | Queue | Villager (Male) |
| 4:02 | Queue | Villager (Male) |
| 4:03 | Queue | Villager (Male) |
| 4:13 | Build | Dock |
| 4:21 | Queue | Villager (Male) |
| 4:21 | Queue | Villager (Male) |
| 4:48 | Queue | Villager (Male) |
| 4:49 | Queue | Villager (Male) |
| 5:07 | Queue | Fishing Ship |
| 5:30 | Build | House |
| 5:38 | Queue | Villager (Male) |
| 6:08 | Queue | Villager (Male) |
| 6:08 | Research | Loom |
| 6:21 | Queue | Fishing Ship |
| 6:54 | Queue | Fishing Ship |
| 7:07 | Research | Feudal Age |
| 7:07 | Research | Feudal Age |
| 7:30 | Build | House |
| 7:32 | Build | Palisade Wall |
| 8:10 | Build | Barracks |
| 8:42 | Build | House |
| 8:48 | Queue | Fishing Ship |
| 9:03 | Build | Palisade Wall |
| 9:17 | Age | Feudal Age |
| 9:22 | Queue | Villager (Male) |
| 9:25 | Build | Stable |
| 9:41 | Queue | Villager (Male) |
| 9:42 | Queue | Fishing Ship |
| 9:59 | Build | House |
| 10:05 | Queue | Villager (Male) |
| 10:09 | Queue | Fishing Ship |
| 10:10 | Queue | Scout Cavalry |
| 10:19 | Build | Stone Wall |
| 10:29 | Build | Mill |
| 10:33 | Queue | Scout Cavalry |
| 10:33 | Queue | Villager (Male) |
| 10:37 | Queue | Fishing Ship |
| 10:53 | Queue | Scout Cavalry |
| 10:54 | Queue | Villager (Male) |
| 10:58 | Queue | Villager (Male) |
| 11:06 | Queue | Fishing Ship |
| 11:21 | Queue | Villager (Male) |
| 11:27 | Build | Stone Wall |
| 11:37 | Research | Tech 906 |
| 11:50 | Build | Gate |
| 11:53 | Build | Stone Wall |
| 11:57 | Queue | Scout Cavalry |
| 12:01 | Build | Dock |
| 12:09 | Queue | Scout Cavalry |
| 12:15 | Queue | Villager (Male) |
| 12:21 | Build | Mining Camp |
| 12:33 | Queue | Villager (Male) |
| 12:48 | Build | Stone Wall |
| 13:00 | Queue | Fishing Ship |
| 13:01 | Queue | Fishing Ship |
| 13:02 | Queue | Villager (Male) |
| 13:32 | Queue | Villager (Male) |
| 13:47 | Build | Market |
| 13:58 | Build | Mining Camp |
| 14:09 | Queue | Villager (Male) |
| 14:16 | Build | House |
| 14:33 | Research | Castle Age |
| 14:33 | Research | Castle Age |
| 14:50 | Research | Tech 906 |
| 14:55 | Build | House |
| 15:30 | Build | Blacksmith |
| 15:36 | Build | Stone Wall |
| 16:03 | Build | Stone Wall |
| 16:33 | Queue | Villager (Male) |
| 16:46 | Build | House |
| 16:50 | Build | Stable |
| 17:05 | Research | Bloodlines |
| 17:06 | Research | Bloodlines |
| 17:09 | Research | Scale Barding Armor |
| 17:14 | Age | Castle Age |
| 17:26 | Build | Town Center |
| 17:32 | Research | Light Cavalry (upgrade) |
| 17:56 | Build | Stone Wall |
| 17:59 | Queue | Knight |
| 17:59 | Queue | Knight |
| 18:02 | Research | Gold Mining |
| 18:18 | Queue | Villager (Male) |
| 18:31 | Queue | Knight |
| 18:42 | Research | Chain Barding Armor |
| 18:55 | Queue | Fishing Ship |
| 18:55 | Queue | Fishing Ship |
| 18:59 | Queue | Villager (Male) |
| 19:23 | Build | House |
| 19:31 | Queue | Fishing Ship |
| 19:31 | Queue | Fishing Ship |
| 19:35 | Queue | Knight |
| 19:35 | Queue | Villager (Male) |
| 19:36 | Queue | Villager (Male) |
| 20:00 | Queue | Knight |
| 20:07 | Queue | Villager (Male) |
| 20:19 | Queue | Villager (Male) |
| 20:28 | Queue | Knight |
| 20:41 | Build | Town Center |
| 20:50 | Queue | Knight |
| 20:50 | Queue | Knight |
| 20:55 | Queue | Villager (Male) |
| 20:59 | Queue | Villager (Male) |
| 21:15 | Queue | Knight |
| 21:16 | Queue | Knight |
| 21:16 | Queue | Villager (Male) |
| 21:21 | Build | Town Center |
| 21:34 | Research | Horse Collar |
| 21:34 | Research | Horse Collar |
| 21:53 | Queue | Villager (Male) |
| 21:54 | Queue | Villager (Male) |
| 22:03 | Build | Farm |
| 22:04 | Build | Farm |
| 22:11 | Queue | Villager (Male) |
| 22:14 | Build | Farm |
| 22:16 | Build | Farm |
| 22:17 | Build | Farm |
| 22:19 | Queue | Villager (Male) |
| 22:23 | Build | Farm |
| 22:25 | Build | Farm |
| 22:29 | Queue | Villager (Male) |
| 22:32 | Build | Outpost |
| 22:58 | Build | Farm |
| 22:59 | Build | Farm |
| 23:01 | Queue | Knight |
| 23:02 | Queue | Villager (Male) |
| 23:15 | Queue | Villager (Male) |
| 23:15 | Queue | Villager (Male) |
| 23:23 | Build | Farm |
| 23:41 | Queue | Knight |
| 23:42 | Queue | Knight |
| 23:44 | Queue | Villager (Male) |
| 23:47 | Build | Farm |
Match timeline
| 3:28 | Velky kanec · wall_segment Palisade Wall x1 |
| 4:09 | 无语 · first_building Dock |
| 4:12 | m1gzu · first_building Dock |
| 4:13 | Velky kanec · first_building Dock |
| 4:29 | ty · first_building Dock |
| 4:43 | 3046964519 · first_building Dock |
| 5:16 | mkild12592512ihad · first_building Dock |
| 5:20 | 3046964519 · wall_segment Palisade Wall x1 |
| 5:21 | 3046964519 · wall_segment Palisade Wall x1 |
| 6:07 | Whoosher9355 · first_building Dock |
| 6:33 | m1gzu · wall_segment Palisade Wall x1 |
| 6:34 | m1gzu · wall_segment Palisade Wall x2 |
| 7:05 | 76561199110440399 · first_building Barracks |
| 7:14 | 3046964519 · first_building Barracks |
| 7:32 | Velky kanec · wall_segment Palisade Wall x5 |
| 7:57 | Whoosher9355 · first_building Barracks |
| 8:10 | Velky kanec · first_building Barracks |
| 8:27 | ty · first_building Barracks |
| 8:47 | 3046964519 · wall_segment Palisade Wall x1 |
| 8:47 | 3046964519 · wall_segment Palisade Wall x1 |
| 8:55 | 3046964519 · wall_segment Palisade Wall x1 |
| 9:00 | 无语 · first_building Barracks |
| 9:01 | Whoosher9355 · wall_segment Palisade Wall x1 |
| 9:02 | Whoosher9355 · wall_segment Palisade Wall x1 |
| 9:03 | Velky kanec · wall_segment Palisade Wall x12 |
| 9:17 | Velky kanec · age_up feudal |
| 9:23 | ty · age_up feudal |
| 9:25 | Velky kanec · first_building Stable |
| 9:29 | Whoosher9355 · age_up feudal |
| 9:29 | ty · first_building Archery Range |
| 9:36 | Whoosher9355 · first_building Stable |
| 9:41 | ty · wall_segment Palisade Wall x6 |
| 9:42 | 3046964519 · age_up feudal |
| 9:47 | 76561199110440399 · age_up feudal |
| 9:48 | 无语 · age_up feudal |
| 10:02 | 76561199110440399 · first_building Archery Range |
| 10:03 | 无语 · first_building Stable |
| 10:19 | Velky kanec · wall_segment Stone Wall x11 |
| 10:56 | m1gzu · age_up feudal |
| 11:04 | mkild12592512ihad · age_up feudal |
| 11:09 | m1gzu · wall_segment Palisade Wall x1 |
| 11:15 | m1gzu · wall_segment Palisade Wall x8 |
| 11:21 | 3046964519 · first_building Archery Range |
| 11:27 | Velky kanec · wall_segment Stone Wall x7 |
| 11:38 | mkild12592512ihad · first_building Stable |
| 11:43 | 76561199110440399 · wall_segment Palisade Wall x8 |
| 11:44 | ty · wall_segment Palisade Wall x7 |
| 11:53 | Velky kanec · wall_segment Stone Wall x1 |
| 11:54 | 76561199110440399 · wall_segment Palisade Wall x1 |
| 11:55 | ty · wall_segment Palisade Wall x11 |
| 11:55 | 76561199110440399 · wall_segment Palisade Wall x1 |
| 12:02 | 76561199110440399 · wall_segment Palisade Wall x1 |
| 12:03 | ty · wall_segment Palisade Wall x2 |
| 12:06 | m1gzu · wall_segment Palisade Wall x6 |
| 12:39 | m1gzu · wall_segment Palisade Wall x1 |
| 12:48 | Velky kanec · wall_segment Stone Wall x9 |
| 13:13 | ty · wall_segment Stone Wall x1 |
| 13:14 | ty · wall_segment Stone Wall x1 |
| 13:15 | Whoosher9355 · wall_segment Palisade Wall x10 |
| 13:19 | 76561199110440399 · wall_segment Palisade Wall x1 |
| 13:28 | m1gzu · wall_segment Palisade Wall x1 |
| 13:47 | 3046964519 · wall_segment Palisade Wall x1 |
| 13:48 | mkild12592512ihad · wall_segment Palisade Wall x6 |
| 13:50 | mkild12592512ihad · wall_segment Palisade Wall x5 |
| 14:31 | Velky kanec · first_market_sell 100 wood |
| 14:36 | m1gzu · age_up castle |
| 14:42 | m1gzu · first_building Castle |
| 15:02 | ty · wall_segment Palisade Wall x1 |
| 15:10 | m1gzu · first_market_sell 100 wood |
| 15:11 | m1gzu · first_market_buy 100 stone |
| 15:36 | Velky kanec · wall_segment Stone Wall x4 |
| 15:44 | m1gzu · wall_segment Palisade Wall x1 |
| 16:01 | mkild12592512ihad · wall_segment Stone Wall x3 |
| 16:03 | Velky kanec · wall_segment Stone Wall x6 |
| 16:04 | mkild12592512ihad · wall_segment Stone Wall x1 |
| 16:05 | mkild12592512ihad · wall_segment Stone Wall x1 |
| 16:08 | mkild12592512ihad · wall_segment Stone Wall x1 |
| 16:09 | mkild12592512ihad · wall_segment Stone Wall x1 |
| 16:09 | mkild12592512ihad · wall_segment Stone Wall x1 |
| 16:13 | mkild12592512ihad · wall_segment Stone Wall x1 |
| 16:14 | mkild12592512ihad · wall_segment Stone Wall x1 |
| 16:16 | mkild12592512ihad · wall_segment Stone Wall x1 |
| 16:17 | mkild12592512ihad · wall_segment Stone Wall x1 |
| 16:22 | mkild12592512ihad · wall_segment Stone Wall x2 |
| 16:25 | mkild12592512ihad · wall_segment Stone Wall x2 |
| 16:27 | mkild12592512ihad · wall_segment Stone Wall x4 |
| 16:51 | 无语 · wall_segment Palisade Wall x1 |
| 17:08 | m1gzu · wall_segment Palisade Wall x1 |
| 17:11 | 无语 · wall_segment Palisade Wall x1 |
| 17:14 | Velky kanec · age_up castle |
| 17:32 | mkild12592512ihad · age_up castle |
| 17:34 | mkild12592512ihad · first_building Siege Workshop |
| 17:56 | Velky kanec · wall_segment Stone Wall x12 |
| 17:58 | ty · first_market_buy 100 food |
| 18:03 | ty · first_market_sell 100 stone |
| 18:07 | 无语 · first_market_sell 100 wood |
| 18:39 | mkild12592512ihad · first_building Monastery |
| 18:50 | Whoosher9355 · age_up castle |
| 19:24 | 3046964519 · first_market_sell 100 wood |
| 19:40 | 无语 · wall_segment Palisade Wall x12 |
| 19:44 | 无语 · wall_segment Palisade Wall x5 |
| 19:59 | 无语 · first_building Archery Range |
| 20:04 | mkild12592512ihad · wall_segment Palisade Wall x1 |
| 20:08 | mkild12592512ihad · wall_segment Palisade Wall x1 |
| 20:11 | mkild12592512ihad · wall_segment Palisade Wall x1 |
| 20:13 | 76561199110440399 · wall_segment Palisade Wall x1 |
| 20:14 | mkild12592512ihad · wall_segment Palisade Wall x1 |
| 20:20 | mkild12592512ihad · wall_segment Palisade Wall x1 |
| 20:22 | mkild12592512ihad · wall_segment Palisade Wall x1 |
| 20:25 | mkild12592512ihad · wall_segment Palisade Wall x1 |
| 20:27 | mkild12592512ihad · wall_segment Palisade Wall x1 |
| 20:30 | mkild12592512ihad · wall_segment Stone Wall x1 |
| 20:31 | mkild12592512ihad · wall_segment Stone Wall x1 |
| 20:44 | ty · age_up castle |
| 20:48 | 无语 · age_up castle |
| 20:52 | 无语 · first_market_buy 100 wood |
| 21:22 | 76561199110440399 · wall_segment Stone Wall x20 |
| 22:17 | mkild12592512ihad · first_market_buy 100 stone |
| 22:30 | 3046964519 · age_up castle |
| 22:38 | 76561199110440399 · age_up castle |
| 23:01 | Velky kanec · first_market_buy 100 food |
| 23:15 | ty · first_building Stable |
| 23:53 | 3046964519 · first_building Stable |
| 24:14 | ty · wall_segment Stone Wall x1 |
| 24:15 | ty · wall_segment Stone Wall x1 |
| 24:36 | ty · wall_segment Stone Wall x1 |
| 25:17 | Velky kanec · first_building Monastery |
| 25:33 | 3046964519 · wall_segment Palisade Wall x1 |
| 25:37 | 76561199110440399 · first_building Siege Workshop |
| 25:44 | 76561199110440399 · wall_segment Palisade Wall x2 |
| 25:47 | 76561199110440399 · wall_segment Palisade Wall x1 |
| 25:54 | 76561199110440399 · wall_segment Palisade Wall x1 |
| 27:15 | 无语 · first_building Castle |
| 28:08 | mkild12592512ihad · age_up imperial |
| 29:17 | Velky kanec · wall_segment Stone Wall x5 |
| 29:19 | Velky kanec · wall_segment Stone Wall x4 |
| 29:21 | Velky kanec · wall_segment Stone Wall x1 |
| 29:29 | 3046964519 · first_market_buy 100 wood |
| 29:33 | Velky kanec · wall_segment Stone Wall x3 |
| 29:54 | Whoosher9355 · first_market_sell 100 food |
| 30:29 | Whoosher9355 · first_building Monastery |
| 30:29 | Velky kanec · first_building Siege Workshop |
| 30:30 | m1gzu · age_up imperial |
| 30:36 | Velky kanec · first_building Castle |
| 30:54 | Velky kanec · wall_segment Stone Wall x1 |
| 31:03 | Velky kanec · wall_segment Stone Wall x1 |
| 32:57 | 无语 · age_up imperial |
| 33:00 | ty · first_building Monastery |
| 33:32 | Velky kanec · wall_segment Stone Wall x2 |
| 33:34 | Velky kanec · wall_segment Stone Wall x2 |
| 33:55 | Velky kanec · wall_segment Stone Wall x2 |
| 34:15 | Whoosher9355 · first_market_buy 100 stone |
| 34:19 | Velky kanec · wall_segment Stone Wall x1 |
| 34:45 | Whoosher9355 · first_building Castle |
| 34:49 | Whoosher9355 · age_up imperial |
| 34:50 | Velky kanec · wall_segment Stone Wall x1 |
| 35:13 | ty · first_building Castle |
| 35:31 | Velky kanec · age_up imperial |
| 36:02 | Velky kanec · wall_segment Stone Wall x8 |
| 36:31 | 3046964519 · first_building Monastery |
| 36:58 | 76561199110440399 · first_market_buy 100 stone |
| 37:04 | m1gzu · resign |
| 37:05 | 76561199110440399 · age_up imperial |
| 37:13 | mkild12592512ihad · first_market_sell 100 food |
[ AI ANALYSIS · 1 CREDIT ]
What really happened in this match?
Wolo.gg analyzes every decision: build order, eco, micro, common mistakes by bracket. Personalized analysis on WhatsApp or Discord in 30 seconds.
Civ guide
Koreans
Perfil
Jugador #477304